 Dungeon Sprint DCSS version 0.20.0-15-g7f486f2 (webtiles) character file.

116 w00t the Ruffian (level 4, -1/50 HPs)
             Began as a Troll Monk on June 25, 2017.
             Was a Believer of Jiyva.
             Slain by a killer bee (4 damage)
             ... in the Dungeon (Sprint IV: "Fedhas' Mad Dash").
             The game lasted 00:00:49 (155 turns).

w00t the Ruffian (Troll Monk)                        Turns: 155, Time: 00:00:49

Health: -1/50      AC:  5    Str: 20    XL:     4   Next: 69%
Magic:  3/3        EV: 11    Int:  6    God:    Jiyva [**....]
Gold:   46         SH:  0    Dex: 12    Spells: 3/3 levels left

rFire    . . .     SeeInvis .     - Unarmed
rCold    . . .     Gourm    +   (no shield)
rNeg     . . .     Faith    .   a - +0 robe
rPois    .         Spirit   .   (helmet restricted)
rElec    .         Reflect  .   (no cloak)
rCorr    .         Harm     .   (gloves unavailable)
MR       .....     NoTele   +   (boots unavailable)
Stlth    ++........             k - amulet of invisibility {+Inv}
Regen    0.6/turn               (no ring)
MPRegen  0.1/turn               (no ring)

@: lethally poisoned (-1 -> -21)
A: unfitting armour, claws 3, fast metabolism 3, gourmand, regeneration 1,
shaggy fur 1, tough skin 2
a: Request Jelly, Renounce Religion, Evoke Invisibility


You were in the Dungeon.
You worshipped Jiyva.
Jiyva was pleased with you.
You were not hungry.

You visited 1 branch You collected 46 gold pieces.

Inventory:

Armour
 a - a +0 robe (worn)
Jewellery
 k - the amulet of invisibility (around neck) {+Inv}
   (You found it in the Dungeon)

   [amulet of nothing]

   It lets you turn invisible.
Scrolls
 h - a scroll of blinking {!r}
 j - a scroll of identify {unknown}
Potions
 c - a potion of curing {@q1}
 d - a potion of heal wounds {@q2}
 e - a potion of haste
 f - 2 potions of magic
 g - a potion of berserk rage {!q}
Comestibles
 b - 2 bread rations


   Skills:
 * Level 5.3 Fighting
 + Level 4.1 Dodging
 - Level 1.0 Stealth
 * Level 6.4 Unarmed Combat
 + Level 1.3 Evocations


You had 3 spell levels left.
You didn't know any spells.

Dungeon Overview and Level Annotations

Branches:
Dungeon (1/1)

Altars:
Cheibriados
Dithmenos
Elyvilon
Gozag
Hepliaklqana
Kikubaaqudgha
Makhleb
Nemelex Xobeh
Okawaru
Qazlal
Ru
Sif Muna
Trog
Uskayaw
Vehumet
Xom
Yredelemnul
Zin
The Shining One
Beogh
Jiyva
Lugonu

Annotations:
D exclusion: oklob sapling


Innate Abilities, Weirdness & Mutations

You are too large for most types of armour.
You have claws for hands.
Your metabolism is lightning-fast.
You like to eat raw meat.
Your natural rate of healing is unusually fast.
You are covered in fur. (AC +1)
You have very tough skin. (AC +2)


Message History

You feel sick. The killer bee stings you!
* * * LOW HITPOINT WARNING * * *
You are lethally poisoned!
The killer bee poisons you! The killer bee barely misses you.
The killer bee closely misses you.
You closely miss the killer bee.
The killer bee is moderately wounded.
* * * LOW HITPOINT WARNING * * *
You feel sick. The killer bee stings you.
* * * LOW HITPOINT WARNING * * *
You are more poisoned.
The killer bee poisons you! The killer bee stings you.
* * * LOW HITPOINT WARNING * * *
You closely miss the killer bee.
The killer bee is moderately wounded.
* * * LOW HITPOINT WARNING * * *
You feel very sick.
The killer bee rages.
The killer bee stings you.
You die...

##############################
..P#.....#.....#@⌠._._._._.⌠.#
P..'.)...'.#..yyy._._._._._..+
PPP#.....#.#..y#..._._._._...#
#############.##.._._._._._..#
... #..._._._._.⌠.# .#.P
############### .. ### #


You could see a queen bee and 3 killer bees.

Vanquished Creatures
  2 oklob saplings (D)
  A worker ant (D)
  A river rat (D)
  A rat (D)
5 creatures vanquished.

Vanquished Creatures (others)
  A jelly (D)
  An oklob sapling (D)
2 creatures vanquished.

Grand Total: 7 creatures vanquished

Notes
Turn   | Place    | Note
-------+----------+-------------------------------------------
     0 | D        | w00t the Troll Monk began the quest for the Orb.
     0 | D        | Reached XP level 1. HP: 22/22 MP: 0/0
    10 | D        | Reached XP level 2. HP: 31/31 MP: 1/1
    23 | D        | Noticed an oklob sapling
    24 | D        | Killed an oklob sapling
    24 | D        | Reached skill level 4 in Unarmed Combat
    24 | D        | Reached XP level 3. HP: 39/39 MP: 2/2
    30 | D        | Reached skill level 5 in Unarmed Combat
    48 | D        | Found an opulent altar of Gozag.
    48 | D        | Found a hazy altar of Hepliaklqana.
    48 | D        | Found a roughly hewn altar of Beogh.
    48 | D        | Found a snail-covered altar of Cheibriados.
    63 | D        | Found a viscous altar of Jiyva.
    63 | D        | Found a burning altar of Makhleb.
    63 | D        | Found a sparkling altar of Nemelex Xobeh.
    63 | D        | Found a sacrificial altar of Ru.
    63 | D        | Found a deep blue altar of Sif Muna.
    63 | D        | Found a bloodstained altar of Trog.
    63 | D        | Found a shimmering altar of Xom.
    63 | D        | Found a basalt altar of Yredelemnul.
    63 | D        | Noticed an oklob sapling priest
    64 | D        | Found an iron altar of Okawaru.
    64 | D        | Found a glowing silver altar of Zin.
    64 | D        | Found a shadowy altar of Dithmenos.
    65 | D        | Found a hide-covered altar of Uskayaw.
    65 | D        | Found an ancient bone altar of Kikubaaqudgha.
    66 | D        | Found a stormy altar of Qazlal.
    66 | D        | Found a glowing golden altar of the Shining One.
    66 | D        | Found a white marble altar of Elyvilon.
    67 | D        | Found a radiant altar of Vehumet.
    67 | D        | Found a corrupted altar of Lugonu.
    73 | D        | Killed an oklob sapling priest
    73 | D        | Reached skill level 5 in Fighting
    73 | D        | Reached skill level 6 in Unarmed Combat
    73 | D        | Reached skill level 1 in Evocations
    73 | D        | Reached XP level 4. HP: 7/50 MP: 0/3
    75 | D        | Became a worshipper of Jiyva Jecaemia the Shapeless
    75 | D        | Reached * piety under Jiyva
    75 | D        | Reached ** piety under Jiyva
   149 | D        | Noticed a queen bee
   155 | D        | Slain by a killer bee

Skill      XL: |  1  2  3 |
---------------+----------+-----
Fighting       | 3 4 5 |  5.3
Dodging        | 3 4 |  4.1
Unarmed Combat | 4 6 |  6.4
Evocations     | 1 |  1.3
Stealth        | |  1.0

Action                   |  1- 3 |  4- 6 || total
-------------------------+-------+-------++-------
Melee: Unarmed           |    11 |     5 ||    16
 Abil: Evoke Invisibilit |     1 |       ||     1
 Stab: Sleeping          |     1 |       ||     1
       Invisible         |     2 |       ||     2
  Eat: Chunk             |       |     1 ||     1
Dodge: Dodged            |     3 |     8 ||    11
